TOP OF THE 1ST |
Red Deer Wranglers batting - Pitching for Bismarck Barons : RHP Brian Hull
|
Pitching: RHP Brian Hull
|
|
Batting: LHB Del Kennedy
|
0-0: Ball 1-0: SINGLE (Line Drive, 9S)
|
Batting: RHB Paul Swift
|
0-0: Ball 1-0: Ball 2-0: Ball 3-0: Called Strike 3-1: Fielders Choice at 2nd, 6-4 (Groundball, 6M)
|
Batting: RHB Todd Bryant
|
0-0: Ground out 5-3 (Groundball, 56S) Paul Swift to second
|
Batting: LHB Enrico Vargas
|
0-0: Ball 1-0: SINGLE (Line Drive, 4M) Paul Swift to third Runner from 3rd tries for Home, SAFE, no throw or cutoff
|
Batting: LHB Jorge Olvera
|
0-0: Swinging Strike 0-1: Fly out, F4 (Popup, 4D)
|
Top of the 1st over - 1 run(s), 2 hit(s), 0 error(s), 1 left on base; Red Deer 1 - Bismarck 0 |
BOTTOM OF THE 1ST |
Bismarck Barons batting - Pitching for Red Deer Wranglers : RHP William Bryant
|
Pitching: RHP William Bryant
|
|
Batting: LHB John Frost
|
0-0: Ball 1-0: Ball 2-0: Bunt for hit - play at first, batter OUT! 1-3
|
Batting: RHB Roberto García
|
0-0: Ball 1-0: Foul Ball, location: 2F 1-1: Ball 2-1: Swinging Strike 2-2: Ground out 5-3 (Groundball, 56S)
|
Batting: LHB Pedro Díaz
|
0-0: Foul Ball, location: 2F 0-1: Foul Ball, location: 2F 0-2: Ball 1-2: Foul Ball, location: 2F 1-2: Ball 2-2: SINGLE (Groundball, 4M)
|
Batting: RHB Seiji Kouno
|
0-0: Called Strike 0-1: Ball 1-1: Swinging Strike 1-2: Foul Ball, location: 2F 1-2: Fly out, F5 (Line Drive, 5)
|
Bottom of the 1st over - 0 run(s), 1 hit(s), 0 error(s), 1 left on base; Red Deer 1 - Bismarck 0 |
TOP OF THE 2ND |
Red Deer Wranglers batting - Pitching for Bismarck Barons : RHP Brian Hull
|
Batting: RHB Carlos Peña
|
0-0: Foul Ball, location: 2F 0-1: Ball 1-1: Swinging Strike 1-2: Foul Ball, location: 2F 1-2: Ball 2-2: Ground out 4-3 (Groundball, 34)
|
Batting: LHB Fred Abrams
|
0-0: Foul Ball, location: 2F 0-1: Called Strike 0-2: Ball 1-2: Strikes out looking
|
Batting: LHB Andrew Veeck
|
0-0: Ball 1-0: Called Strike 1-1: Ground out 5-3 (Groundball, 56S)
|
Top of the 2nd over - 0 run(s), 0 hit(s), 0 error(s), 0 left on base; Red Deer 1 - Bismarck 0 |
BOTTOM OF THE 2ND |
Bismarck Barons batting - Pitching for Red Deer Wranglers : RHP William Bryant
|
Batting: SHB Manuel Hegnauer
|
0-0: Ball 1-0: Called Strike 1-1: Ball 2-1: Called Strike 2-2: Foul Ball, location: 2F 2-2: SOLO HOME RUN (Flyball, 9D), Distance : 363 ft
|
Batting: RHB Pancho Torres
|
0-0: Fly out, F8 (Flyball, 8RM)
|
Batting: RHB Michael Thomas
|
0-0: Fly out, F9 (Flyball, 89S)
|
Batting: SHB Jeff Chambers
|
0-0: Fly out, F5 (Popup, 5F)
|
Bottom of the 2nd over - 1 run(s), 1 hit(s), 0 error(s), 0 left on base; Red Deer 1 - Bismarck 1 |
TOP OF THE 3RD |
Red Deer Wranglers batting - Pitching for Bismarck Barons : RHP Brian Hull
|
Batting: RHB Juan Carlos Alfonzo
|
0-0: Fly out, F8 (Flyball, 8RM)
|
Batting: LHB Del Kennedy
|
0-0: Foul Ball, location: 2F 0-1: Fly out, F8 (Flyball, 8LXD)
|
Batting: RHB Paul Swift
|
0-0: Called Strike 0-1: Swinging Strike 0-2: Ball 1-2: Strikes out looking
|
Top of the 3rd over - 0 run(s), 0 hit(s), 0 error(s), 0 left on base; Red Deer 1 - Bismarck 1 |
BOTTOM OF THE 3RD |
Bismarck Barons batting - Pitching for Red Deer Wranglers : RHP William Bryant
|
Batting: LHB Jorge Fernández
|
0-0: Ball 1-0: Foul Ball, location: 2F 1-1: Called Strike 1-2: Ball 2-2: Strikes out swinging
|
Batting: LHB John Frost
|
0-0: Called Strike 0-1: Ball 1-1: Swinging Strike 1-2: Ball 2-2: Ball 3-2: Base on Balls
|
Batting: RHB Roberto García
|
0-0: Called Strike John Frost steals 2nd base 0-1: Ball 1-1: Fly out, F8 (Flyball, 8LM) Runner from 2nd tags up, SAFE at 3rd with throw
|
Batting: LHB Pedro Díaz
|
0-0: Ball 1-0: Ball 2-0: Foul Ball, location: 2F 2-1: Ball 3-1: Base on Balls
|
Batting: RHB Seiji Kouno
|
0-0: Ball 1-0: Called Strike 1-1: Foul Ball, location: 2F 1-2: Ball 2-2: Ball 3-2: Strikes out swinging
|
Bottom of the 3rd over - 0 run(s), 0 hit(s), 0 error(s), 2 left on base; Red Deer 1 - Bismarck 1 |
TOP OF THE 4TH |
Red Deer Wranglers batting - Pitching for Bismarck Barons : RHP Brian Hull
|
Batting: RHB Todd Bryant
|
0-0: Ground out 5-3 (Groundball, 5)
|
Batting: LHB Enrico Vargas
|
0-0: Called Strike 0-1: Ball 1-1: Ball 2-1: SINGLE (Line Drive, 9S)
|
Batting: LHB Jorge Olvera
|
0-0: Fly out, F9 (Flyball, 9D)
|
Batting: RHB Carlos Peña
|
0-0: Ball 1-0: Ball 2-0: Ball 3-0: Called Strike 3-1: Fly out, F8 (Flyball, 8RS)
|
Top of the 4th over - 0 run(s), 1 hit(s), 0 error(s), 1 left on base; Red Deer 1 - Bismarck 1 |
BOTTOM OF THE 4TH |
Bismarck Barons batting - Pitching for Red Deer Wranglers : RHP William Bryant
|
Batting: SHB Manuel Hegnauer
|
0-0: Swinging Strike 0-1: Ball 1-1: Called Strike 1-2: Fly out, F5 (Line Drive, 56)
|
Batting: RHB Pancho Torres
|
0-0: Ball 1-0: TRIPLE (Flyball, 89XD)
|
Batting: RHB Michael Thomas
|
0-0: Ball 1-0: Called Strike 1-1: Called Strike 1-2: TRIPLE (Line Drive, 89M) Pancho Torres scores
|
Batting: SHB Jeff Chambers
|
0-0: Called Strike 0-1: Fly out, F6 (Popup, 6M)
|
Batting: LHB Jorge Fernández
|
0-0: Ball 1-0: Called Strike 1-1: Swinging Strike 1-2: Ball Wild Pitch! Michael Thomas scores 2-2: Ball 3-2: Strikes out swinging
|
Bottom of the 4th over - 2 run(s), 2 hit(s), 0 error(s), 0 left on base; Red Deer 1 - Bismarck 3 |
TOP OF THE 5TH |
Red Deer Wranglers batting - Pitching for Bismarck Barons : RHP Brian Hull
|
Batting: LHB Fred Abrams
|
0-0: Ball 1-0: Ball 2-0: Ball 3-0: Base on Balls
|
Batting: LHB Andrew Veeck
|
0-0: Fly out, F5 (Popup, 5DF)
|
Batting: RHB Juan Carlos Alfonzo
|
0-0: Called Strike 0-1: Ball 1-1: Called Strike Fred Abrams steals 2nd base 1-2: Foul Ball, location: 2F 1-2: Strikes out swinging
|
Batting: LHB Del Kennedy
|
0-0: Ball 1-0: Ball 2-0: SINGLE (Line Drive, 6D) Fred Abrams to third Runner from 3rd tries for Home, SAFE, no throw or cutoff
|
Batting: RHB Paul Swift
|
0-0: Ball 1-0: Ball 2-0: Ball Wild Pitch! Del Kennedy to second 3-0: Called Strike 3-1: Foul Ball, location: 2F 3-2: Ground out 6-3 (Groundball, 6)
|
Top of the 5th over - 1 run(s), 1 hit(s), 0 error(s), 1 left on base; Red Deer 2 - Bismarck 3 |
BOTTOM OF THE 5TH |
Bismarck Barons batting - Pitching for Red Deer Wranglers : RHP William Bryant
|
Batting: LHB John Frost
|
0-0: Called Strike 0-1: Called Strike 0-2: Ball 1-2: Strikes out swinging
|
Batting: RHB Roberto García
|
0-0: Called Strike 0-1: Ball 1-1: Called Strike 1-2: Ball 2-2: Ball 3-2: Ground out 6-3 (Groundball, 6)
|
Batting: LHB Pedro Díaz
|
0-0: Swinging Strike 0-1: Fly out, F2 (Popup, 25F)
|
Bottom of the 5th over - 0 run(s), 0 hit(s), 0 error(s), 0 left on base; Red Deer 2 - Bismarck 3 |
TOP OF THE 6TH |
Red Deer Wranglers batting - Pitching for Bismarck Barons : RHP Brian Hull
|
Batting: RHB Todd Bryant
|
0-0: Hit by Pitch
|
Batting: LHB Enrico Vargas
|
0-0: DOUBLE (Flyball, 7LM) Todd Bryant to third
|
Batting: LHB Jorge Olvera
|
0-0: Ball 1-0: Ball 2-0: Foul Ball, location: 2F 2-1: Foul Ball, location: 2F 2-2: Foul Ball, location: 2F 2-2: Foul Ball, location: 2F 2-2: Ball 3-2: SINGLE (Line Drive, 4MD) Todd Bryant scores Enrico Vargas to third
|
Batting: RHB Carlos Peña
|
0-0: Ball 1-0: Ball 2-0: Ball 3-0: Called Strike 3-1: Called Strike 3-2: Foul Ball, location: 2F 3-2: Strikes out swinging
|
Batting: LHB Fred Abrams
|
0-0: Called Strike 0-1: Foul Ball, location: 2F 0-2: Fly out, F8 (Flyball, 8RM) Runner from 3rd tags up, SCORES, no throw
|
Batting: LHB Andrew Veeck
|
0-0: Ball 1-0: Ball 2-0: Foul Ball, location: 2F 2-1: SINGLE (Groundball, 34D) Jorge Olvera to second Runner from 2nd tries for 3rd, SAFE, throw made to third
|
Batting: RHB Juan Carlos Alfonzo
|
0-0: Foul Ball, location: 2F 0-1: Ball 1-1: Foul Ball, location: 2F 1-2: Ball 2-2: Ball 3-2: Fly out, F9 (Flyball, 9S)
|
Top of the 6th over - 2 run(s), 3 hit(s), 0 error(s), 2 left on base; Red Deer 4 - Bismarck 3 |
BOTTOM OF THE 6TH |
Bismarck Barons batting - Pitching for Red Deer Wranglers : RHP William Bryant
|
Batting: RHB Seiji Kouno
|
0-0: Foul Ball, location: 2F 0-1: SINGLE (Line Drive, 9LS)
|
Batting: SHB Manuel Hegnauer
|
0-0: Called Strike 0-1: Ball 1-1: Foul Ball, location: 2F 1-2: Foul Ball, location: 2F 1-2: Ball 2-2: Ball 3-2: Base on Balls Seiji Kouno to second
|
Batting: RHB Pancho Torres
|
0-0: Called Strike 0-1: Fly out, F4 (Popup, 4D)
|
Batting: RHB Michael Thomas
|
0-0: Called Strike 0-1: Foul Ball, location: 2F 0-2: SINGLE (Line Drive, 34D) Seiji Kouno to third Manuel Hegnauer to second
|
Pitching: RHP Alonso Costello
|
|
Batting: SHB Jeff Chambers
|
0-0: Foul Ball, location: 2F 0-1: Foul Ball, location: 2F 0-2: Strikes out looking
|
Batting: LHB Jorge Fernández
|
0-0: Called Strike Balk! Seiji Kouno scores Manuel Hegnauer to third Michael Thomas to second 0-1: Ball 1-1: Called Strike 1-2: Strikes out swinging
|
Bottom of the 6th over - 1 run(s), 2 hit(s), 0 error(s), 2 left on base; Red Deer 4 - Bismarck 4 |
TOP OF THE 7TH |
Red Deer Wranglers batting - Pitching for Bismarck Barons : RHP Brian Hull
|
Batting: LHB Del Kennedy
|
0-0: Called Strike 0-1: Foul Ball, location: 2F 0-2: Ball 1-2: Strikes out swinging
|
Pitching: RHP Armando Torres
|
|
Batting: RHB Paul Swift
|
0-0: Fly out, F7 (Flyball, 78D)
|
Batting: RHB Todd Bryant
|
0-0: DOUBLE (Line Drive, 7LS)
|
Batting: LHB Enrico Vargas
|
0-0: Ball 1-0: Called Strike 1-1: Foul Ball, location: 2F 1-2: Foul Ball, location: 2F 1-2: Fly out, F8 (Flyball, 8RM)
|
Top of the 7th over - 0 run(s), 1 hit(s), 0 error(s), 1 left on base; Red Deer 4 - Bismarck 4 |
BOTTOM OF THE 7TH |
Bismarck Barons batting - Pitching for Red Deer Wranglers : RHP Alonso Costello
|
Batting: LHB John Frost
|
0-0: Swinging Strike 0-1: Foul Ball, location: 2F 0-2: Ball 1-2: Ground out 6-3 (Groundball, 6M)
|
Batting: RHB Roberto García
|
0-0: Ball 1-0: Ball 2-0: Foul Ball, location: 2F 2-1: Swinging Strike 2-2: Ball 3-2: Base on Balls
|
Batting: LHB Pedro Díaz
|
0-0: Called Strike 0-1: DOUBLE (Line Drive, 3D) Roberto García to third
|
Batting: RHB Seiji Kouno
|
0-0: Called Strike 0-1: Ball 1-1: Foul Ball, location: 2F 1-2: Ground out U3 (Groundball, 3)
|
Batting: SHB Manuel Hegnauer
|
0-0: Ball 1-0: Ball 2-0: Ball 3-0: Base on Balls
|
Pinch Hitting: LHB Edwin Ryan
|
0-0: Ball 1-0: Foul Ball, location: 2F 1-1: Ball 2-1: Swinging Strike 2-2: SINGLE (Groundball, 34D) Roberto García scores Pedro Díaz to third Manuel Hegnauer to second Runner from 3rd tries for Home, SAFE, no throw or cutoff
|
Batting: RHB Michael Thomas
|
0-0: Ball 1-0: Ball 2-0: Foul Ball, location: 2F 2-1: Ball 3-1: Foul Ball, location: 2F 3-2: Ground out 5-3 (Groundball, 5S)
|
Bottom of the 7th over - 2 run(s), 2 hit(s), 0 error(s), 2 left on base; Red Deer 4 - Bismarck 6 |
TOP OF THE 8TH |
Red Deer Wranglers batting - Pitching for Bismarck Barons : RHP Armando Torres
|
Now in RF: Edwin Ryan
|
|
Batting: LHB Jorge Olvera
|
0-0: Ball 1-0: Ground out 6-3 (Groundball, 6)
|
Batting: RHB Carlos Peña
|
0-0: Ball 1-0: Ground out 6-3 (Groundball, 6)
|
Batting: LHB Fred Abrams
|
0-0: Ball 1-0: Foul Ball, location: 2F 1-1: Called Strike 1-2: Foul Ball, location: 2F 1-2: Strikes out looking
|
Top of the 8th over - 0 run(s), 0 hit(s), 0 error(s), 0 left on base; Red Deer 4 - Bismarck 6 |
BOTTOM OF THE 8TH |
Bismarck Barons batting - Pitching for Red Deer Wranglers : RHP Alonso Costello
|
Batting: SHB Jeff Chambers
|
0-0: Ball 1-0: Ball 2-0: SINGLE (Groundball, 34D) (infield hit)
|
Batting: LHB Jorge Fernández
|
0-0: Called Strike 0-1: Ball 1-1: Foul Ball, location: 2F 1-2: Fly out, F8 (Line Drive, 8RD)
|
Pitching: LHP Denny Welch
|
|
Batting: LHB John Frost
|
0-0: Ball 1-0: Called Strike 1-1: Hit by Pitch Jeff Chambers to second
|
Batting: RHB Roberto García
|
0-0: Foul Ball, location: 2F 0-1: Ball 1-1: Foul Ball, location: 2F 1-2: Ball 2-2: Foul Ball, location: 2F 2-2: Strikes out swinging
|
Pinch Hitting: RHB David Canseco
|
0-0: Ball 1-0: Ground out 5-3 (Groundball, 56S)
|
Bottom of the 8th over - 0 run(s), 1 hit(s), 0 error(s), 2 left on base; Red Deer 4 - Bismarck 6 |
TOP OF THE 9TH |
Red Deer Wranglers batting - Pitching for Bismarck Barons : RHP Armando Torres
|
Pitching: LHP Rob Lucas
|
|
Now at 2B: David Canseco
|
|
Batting: LHB Andrew Veeck
|
0-0: Ball 1-0: Swinging Strike 1-1: Ball 2-1: Swinging Strike 2-2: Strikes out swinging
|
Batting: RHB Juan Carlos Alfonzo
|
0-0: Called Strike 0-1: Ball 1-1: Ball 2-1: DOUBLE (Line Drive, 3D)
|
Batting: LHB Del Kennedy
|
0-0: Called Strike 0-1: Ground out 4-3 (Groundball, 4M) Juan Carlos Alfonzo to third
|
Batting: RHB Paul Swift
|
0-0: Ball 1-0: Ball 2-0: Called Strike 2-1: Foul Ball, location: 2F 2-2: Ground out 5-3 (Groundball, 15S)
|
Top of the 9th over - 0 run(s), 1 hit(s), 0 error(s), 1 left on base; Red Deer 4 - Bismarck 6 |
|